 Dungeon Crawl Stone Soup version 0.30-a0-1116-gebefce21f7 (webtiles) character file.

Game seed: 16359371101455464056

31 retardedninja the Firebug (level 3, -5/25 HPs)
             Began as a Gnoll Fire Elementalist on Apr 21, 2023.
             Slain by Terence
             ... wielding a +0 flail
              (6 damage)
             ... on level 1 of the Dungeon.
             The game lasted 00:01:38 (1318 turns).

retardedninja the Firebug (Gnoll Fire Elementalist) Turns: 1318, Time: 00:01:39

Health: -5/25      AC:  3    Str:  6 (7)  XL:     3   Next: 22%
Magic:  9/9        EV: 13    Int: 13 (16) God:
Gold:   36         SH:  0    Dex:  9 (12) Spells: 11/12 levels left

rFire   . . .      SeeInvis .    f - +0 spear
rCold   . . .      Faith    .    (no shield)
rNeg    . . .      Spirit   .    a - +0 robe
rPois   .          Reflect  .    (no helmet)
rElec   .          Rampage  .    g - +0 cloak
rCorr   .                        (no gloves)
Will    .....                    (no boots)
Stlth   ++                       (no amulet)
HPRegen 0.24/turn                (no ring)
MPRegen 0.11/turn                (no ring)

@: flying
A: fangs 1, strong nose, distributed training
a: no special abilities


You were on level 1 of the Dungeon.
You visited 1 branch of the dungeon, and saw 2 of its levels.

You collected 36 gold pieces.

Inventory:

Hand Weapons
 f - a +0 spear (weapon)
Armour
 a - a +0 robe (worn)
 g - a +0 cloak (worn)
Scrolls
 c - a scroll of teleportation {unknown}
 h - a scroll of vulnerability {unknown}


   Skills:
 + Level 0.7 Fighting
 + Level 0.7 Short Blades
 + Level 0.7 Long Blades
 + Level 0.7 Axes
 + Level 0.7 Maces & Flails
 + Level 0.7 Polearms
 + Level 0.7 Staves
 + Level 0.7 Ranged Weapons
 + Level 0.7 Throwing
 + Level 0.7 Armour
 + Level 4.5 Dodging
 + Level 4.1 Stealth
 + Level 0.7 Shields
 + Level 0.7 Unarmed Combat
 + Level 5.0 Spellcasting
 + Level 2.1 Conjurations
 + Level 0.5 Hexes
 + Level 0.5 Summonings
 + Level 0.5 Necromancy
 + Level 0.5 Translocations
 + Level 0.5 Transmutations
 + Level 5.4 Fire Magic
 + Level 0.5 Ice Magic
 + Level 0.5 Air Magic
 + Level 0.5 Earth Magic
 + Level 0.5 Poison Magic
 + Level 0.9 Invocations
 + Level 0.7 Evocations


You had 11 spell levels left.
You knew the following spells:

 Your Spells              Type           Power      Damage    Failure   Level
a - Foxfire               Conj/Fire      52%        2x1d6     4%          1

Your spell library contained the following spells:

 Spells                   Type           Power      Damage    Failure   Level
 Scorch                   Fire           34%        2d6       3%          2
 Inner Flame              Hex/Fire       10%        N/A       17%         3
 Volatile Blastmotes      Fire/Tloc      20%        2d11      17%         3
 Flame Wave               Conj/Fire      13%        2d6       36%         4


Dungeon Overview and Level Annotations

Branches:
Dungeon (2/15)

Altars:
Uskayaw

Annotations:
D:1 Terence


Innate Abilities, Weirdness & Mutations

You have very sharp teeth.
Your uncanny sense of smell can sniff out nearby items.
Your experience applies equally to all skills.


Message History

Terence attacks as you move away! Terence hits you with a +0 flail!
* * * LOW HITPOINT WARNING * * *
The quokka attacks as you move away! The quokka misses you.
The adder closely misses you. The adder attacks as you move away!
The adder closely misses you. The quokka barely misses you.
There is a hide-covered altar of Uskayaw here.
Casting: Foxfire (safe; 3% risk of failure)
Press: ? - help, Q - select action Dir - look around, f - activate You conjure some foxfire!
The adder barely misses you. The quokka bites you.
* * * LOW HITPOINT WARNING * * *
Terence closely misses you.
The foxfire hits the quokka.
The quokka is almost dead.
The foxfire hits the quokka.
You kill the quokka!
The adder barely misses you.
Okay, then.
Terence attacks as you move away! Terence misses you.
The adder attacks as you move away! The adder barely misses you.
The adder bites you.
* * * LOW HITPOINT WARNING * * *
There is a stone staircase leading up here.
The adder bites you but does no damage. Terence barely misses you.
You climb upwards.
There is a stone staircase leading down here.
It was a potion of degeneration.
There was something very wrong with that liquid.
You feel weakened.
You feel dopey.
You feel clumsy. The adder closely misses you. Terence closely misses you.
It was a potion of flight.
You feel very buoyant.
You fly up into the air.
The adder bites you.
* * * LOW HITPOINT WARNING * * *
Terence misses you. The adder barely misses you.
Magic courses through your body. The adder bites you.
* * * LOW HITPOINT WARNING * * *
Terence hits you with a +0 flail.
You die...

#>.#.##.# #####
#.......# ...#.##)#
##)..######.####
........##
#...........#
###......#
#....#.######
#...##.###.#.##.#
########.......##.#
....## #####.####.#
.....## #.####.#
###...# #...S@@#
#.)...# ########
#.#...# #.#.###
....# #.### #.#
#.### #(..#


You could see Terence and an adder.

Vanquished Creatures
  3 ball pythons
  2 endoplasms (D:1)
  3 giant cockroaches
  2 goblins (D:1)
  3 hobgoblins
  2 jackals (D:1)
  6 kobolds
  2 quokkas
  2 frilled lizards (D:1)
  A rat (D:1)
26 creatures vanquished.

Vanquished Creatures (collateral kills)
  7 foxfires (D:1)
7 creatures vanquished.

Vanquished Creatures (others)
  107 foxfires
  A plant (D:1)
108 creatures vanquished.

Grand Total: 141 creatures vanquished

Notes
Turn   | Place    | Note
-------+----------+-------------------------------------------
     0 | D:1      | retardedninja the Gnoll Fire Elementalist began the quest
                  | for the Orb.
     0 | D:1      | Reached XP level 1. HP: 13/13 MP: 6/6
   279 | D:1      | Reached XP level 2. HP: 19/19 MP: 3/7
  1172 | D:2      | Found a hide-covered altar of Uskayaw.
  1209 | D:2      | Reached skill level 5 in Spellcasting
  1209 | D:2      | Reached XP level 3. HP: 25/25 MP: 4/9
  1275 | D:2      | Noticed Terence
  1318 | D:1      | HP: 1/25 [adder (1)]
  1318 | D:1      | Slain by Terence

Illustrated notes

Levels and vault maps discovered:
D:1:      tarquinn_simple_flora_water_d, layout_loops_cross, serial_forest,
          infiniplex_forest_clump_small, infiniplex_forest_lined_corner,
          infiniplex_forest_corner_1, infiniplex_forest_lined_2,
          infiniplex_forest_clump_curved
D:2:      layout_loops_ring, basic_altar, hangedman_decor_growths, st_stairs_2,
          uniq_jessica, uniq_terence

Skill      XL: |  1  2 |
---------------+-------+-----
Conjurations   | 2 |  2.1
Spellcasting   | 5 |  5.0
Fighting       | |  0.7
Short Blades   | |  0.7
Long Blades    | |  0.7
Axes           | |  0.7
Maces & Flails | |  0.7
Polearms       | |  0.7
Staves         | |  0.7
Ranged Weapons | |  0.7
Throwing       | |  0.7
Armour         | |  0.7
Dodging        | |  4.5
Stealth        | |  4.1
Shields        | |  0.7
Unarmed Combat | |  0.7
Hexes          | |  0.5
Summonings     | |  0.5
Necromancy     | |  0.5
Translocations | |  0.5
Transmutations | |  0.5
Fire Magic     | |  5.4
Ice Magic      | |  0.5
Air Magic      | |  0.5
Earth Magic    | |  0.5
Poison Magic   | |  0.5
Invocations    | |  0.9
Evocations     | |  0.7

Action                     || total
---------------------------++-------
  Melee: Spear             ||     1
   Cast: Foxfire           ||    70
    Use: Potion            ||     3
 Armour: Robe              ||     4
  Dodge: Dodged            ||    29

Table legend: (Time is in decaauts)
 A = Elapsed time spent in this place.
 B = Non-inter-level travel time spent in this place.
 C = Inter-level travel time spent in this place.
 D = Time resting spent in this place.
 E = Time spent auto-exploring this place.
 F = Levels seen in this place.
 G = Mean time per level.
                   A        B        C        D        E       F      G
               +--------+--------+--------+--------+--------+-----+--------+
         Total |   1321 |   1308 |     13 |      0 |   1070 |   2 |  660.5 |
       Dungeon |   1321 |   1308 |     13 |      0 |   1070 |   2 |  660.5 |
               +--------+--------+--------+--------+--------+-----+--------+

Top non-repeatable levels by time:
     D:1: 1178 daAuts
     D:2: 142 daAuts
